AoeStats
← kV0t3

Arabia

509253395Analyzed
1v1 RM · 7d ago on Sep 26, 2026· 46m 39s· 2 players
Game mode
Random Map
Map size
Tiny (2 player)
Population
200
Speed
Normal
Resources
Standard
Victory
Conquest
Starting age
Dark Age
Ending age
Imperial Age
RankedLock teamsTeams togetherTeam positionsShared explorationLock speedFull tech treeHidden civsTurbo modeCheats
Victory
Defeat
🇦🇷 Maya · Argentina
1255
+17
🇨🇳 Magyars · China
1282
-17
HelloAOE
6:43 Loom
9:46 Feudal Age
18:51 Scale Barding Armor
21:17 Castle Age
19:39 Fletching
19:39 Horse Collar
20:18 Fletching
20:41 Bloodlines
21:19 Padded Archer Armor
21:25 Light Cavalry
24:48 Husbandry
26:14 Wheelbarrow
25:59 Leather Archer Armor
28:13 Ballistics
29:43 Hand Cart
31:12 Bodkin Arrow
34:53 Gold Mining
34:53 Stone Mining
35:07 Double-Bit Axe
35:23 Heavy Plow
35:47 Town Watch
40:17 Imperial Age
39:22 Chain Barding Armor
39:16 Masonry
40:23 Hussar
42:50 Chemistry
45:19 Plate Barding Armor
44:45 Bracer
kV0t3
0:26 Loom
9:01 Feudal Age
9:02 Man-at-Arms
13:05 Double-Bit Axe
17:13 Wheelbarrow
20:15 Castle Age
18:28 Fletching
18:39 Padded Archer Armor
18:33 Gold Mining
18:30 Horse Collar
19:35 Fletching
19:46 Padded Archer Armor
21:06 Bow Saw
21:14 Heavy Plow
21:45 Bodkin Arrow
21:15 Crossbowman
23:22 Leather Archer Armor
26:09 Ballistics
27:23 Thumb Ring
28:06 Elite Skirmisher
36:58 Imperial Age
35:08 Hand Cart
34:52 Town Watch
35:30 Stone Mining
35:26 Treadmill Crane
36:17 Scale Mail Armor
36:27 Forging
35:39 Pikeman
36:19 Squires
36:06 Arson
37:15 Chain Mail Armor
37:20 Hul'che Javelineers
37:46 Bracer
37:08 Arbalester
38:28 Guard Tower
38:57 Chain Mail Armor
39:17 Forging
39:59 Keep
40:24 Chemistry
40:18 Stone Shaft Mining
39:43 Eagle Warrior
41:48 Ring Archer Armor
41:33 Chain Mail Armor
41:29 Forging
44:21 Plate Mail Armor
43:59 Halberdier
45:16 Iron Casting
46:32 Elite Eagle Warrior
47:35 Conscription
48:16 Blast Furnace
Connection lost

Rejoining the realm…

Still unreachable

The connection could not be restored.

Session expired

The server has moved on; the page needs a fresh start.